Map: Blueshift LE

Players

Charlie - Winner!

  • Race: Terran Terran
  • League: Silver
  • Spawn Location: 1:00

Ejic

  • Race: Protoss Protoss
  • League: Silver
  • Spawn Location: 7:00

VOD

Have the link to the VOD?

Description

Terran vs protoss

Time

  • Played on: Nov. 4, 2018, 6:43 a.m.
  • Length: 6:03
Show
View Real Time Build Order
Export as new Build Order

Charlie Terran - Winner!

Build Orders:  

Get SALT Encoding   

  12  0:01  SCV  
  13  0:13  SCV  
  14  0:17  Supply Depot  
  14  0:25  SCV  
  15  0:29  Refinery  
  15  0:43  Barracks  
  15  0:45  SCV  
  16  0:57  SCV  
  16  1:04  Refinery  
  17  1:09  SCV  
  18  1:30  Supply Depot  
  18  1:37  Barracks Reactor  
  18  1:39  Orbital Command  
  18  1:55  Factory  
  18  2:10  SCV  
  18  2:13  Marine  
  18  2:14  Marine  
  21  2:18  Supply Depot  
  21  2:22  SCV  
  22  2:34  SCV, Marine x2  
  25  2:41  Factory Tech Lab  
  25  2:42  Starport  
  25  2:46  SCV  
  25  2:49  Supply Depot  
  26  2:51  Marine  
  26  2:52  Marine  
  28  3:10  Factory Tech Lab  
  28  3:11  SCV  
  29  3:14  Marine x2  
  31  3:23  SCV  
  31  3:25  Supply Depot  
  31  3:31  Marine, Starport Tech Lab  
  31  3:32  Marine  
  33  3:40  Supply Depot  
  32  3:47  Siege Tank  
  35  3:49  Marine x2  
  35  3:51  Banshee  
  35  3:53  Cloaking Field  
  35  3:54  SCV  
  41  4:03  Supply Depot  
  41  4:07  Marine  
  42  4:14  Marine  
  42  4:28  Marine  
  42  4:31  Marine  
  42  4:32  Siege Tank  
  42  4:34  Banshee  
  49  4:45  Supply Depot  
  49  4:46  SCV, Marine  
  49  4:49  Marine  
  52  5:00  SCV  
  52  5:03  Marine  
  54  5:07  Marine, Supply Depot  
  55  5:21  Marine  
  56  5:32  Marine  
  56  5:34  SCV  
  58  5:39  Marine  
Show
View Real Time Build Order
Export as new Build Order

Ejic Protoss 

Build Orders:  

Get SALT Encoding   

  12  0:02  Probe  
  13  0:23  Pylon  
  13  0:29  Assimilator, Probe  
  14  0:45  Gateway  
  14  0:56  Gateway  
  14  1:03  Assimilator  
  14  1:09  Pylon  
  14  1:32  Probe  
  15  1:37  Cybernetics Core  
  15  1:42  Forge  
  15  2:14  Stalker x2  
  19  2:20  Pylon  
  19  2:26  Warp Gate  
  19  2:28  Probe  
  20  2:44  Stalker  
  20  2:50  Stalker  
  24  3:01  Probe  
  25  3:13  Probe  
  25  3:16  Pylon  
  26  3:47  Stalker x2  
  28  3:51  Probe  
  29  3:58  Protoss Ground Weapons Level 1  
  29  3:59  Probe  
  28  4:41  Nexus  
  28  4:53  Stargate  
  28  4:57  Pylon  
  28  5:02  Probe, Twilight Council  
Tags
 
Add a new tag
Caveats
  • Supply blocks, unpowered buildings, or Contaminate may cause inaccurate times.
  • Supply counts are checked every 10 seconds.